General information
- name: BNet
- type: Ladder team game (AT/RT)
- host: Battle.net
- saver: Chowdertailz
map: GolemsInTheMist
- players: 8
- length: 25:43
- speed: Fast
- version: 1.26 W3XP
- replay type: Public
» download(125 KB)
Players
team 1 (winner)
chunknorris (
yellow | 37 APM | 941 actions | 25:43)
10 Death Knight
3 Death Coil
3 Unholy Aura
1 Animate Dead
3 Death Pact
» actions
| Build / train | 77 | |
| Enter build submenu | 20 | |
| Enter hero's abilities submenu | 12 | |
| Right click | 542 | |
| Select / deselect | 246 | |
| Use ability | 44 | |
941 total
» units
| Acolyte | 7 | |
| Ghoul | 5 | |
| Crypt Fiend | 5 | |
| Frost Wyrm | 21 | |
38 total
» upgrades
| Creature Attack | 3 | |
| Creature Carapace | 3 | |
| Web | 1 | |
| Freezing Breath | 1 | |
8 total
» buildings
| Crypt | 1 | |
| Ziggurat | 9 | |
| Altar of Darkness | 1 | |
| Graveyard | 1 | |
| Halls of the Dead | 1 | |
| Black Citadel | 1 | |
| Sacrificial Pit | 1 | |
| Tomb of Relics | 1 | |
| Boneyard | 3 | |
19 total
» build order
00:12 Crypt
00:15 Ziggurat
00:41 Altar of Darkness
01:29 Graveyard
02:23 Ziggurat
03:24 Ziggurat
04:44 Halls of the Dead
07:06 Black Citadel
07:18 Sacrificial Pit
07:21 Ziggurat
07:24 Ziggurat
07:27 Ziggurat
07:31 Ziggurat
07:39 Ziggurat
07:47 Ziggurat
08:49 Tomb of Relics
09:36 Boneyard
09:39 Boneyard
09:43 Boneyard
» items
| Scroll of Town Portal | 1 | |
| Orb of Corruption | 1 | |
2 total
SATAN-ABOVE (
teal | 26 APM | 660 actions | 25:43)
8 Shadow Hunter
3 Hex
3 Healing Wave
1 Big Bad Voodoo
1 Serpent Ward
» actions
| Assign group hotkey | 11 | |
| Basic commands | 2 | |
| Build / train | 68 | |
| Enter build submenu | 20 | |
| Enter hero's abilities submenu | 8 | |
| Right click | 262 | |
| Select / deselect | 226 | |
| Select group hotkey | 7 | |
| Use ability | 56 | |
660 total
» units
| Peon | 7 | |
| Grunt | 3 | |
| Troll Headhunter/Berserker | 5 | |
| Shaman | 11 | |
| Tauren | 6 | |
32 total
» upgrades
| Spiked Barricades | 1 | |
| Melee Weapons | 3 | |
| Armor | 3 | |
| Shaman Training | 2 | |
| Pulverize | 1 | |
10 total
» buildings
| Altar of Storms | 1 | |
| Orc Burrow | 7 | |
| Barracks | 1 | |
| War Mill | 2 | |
| Stronghold | 2 | |
| Watch Tower | 3 | |
| Voodoo Lounge | 1 | |
| Spirit Lodge | 2 | |
| Fortress | 3 | |
| Tauren Totem | 2 | |
| Great Hall | 1 | |
25 total
» build order
00:28 Altar of Storms
00:42 Orc Burrow
01:01 Barracks
01:21 War Mill
01:56 Orc Burrow
04:30 Stronghold
04:55 Orc Burrow
05:58 Watch Tower
06:04 Voodoo Lounge
07:17 Spirit Lodge
07:22 Spirit Lodge
08:34 Fortress
08:35 Fortress
08:35 Fortress
08:49 War Mill
09:14 Orc Burrow
10:50 Orc Burrow
11:31 Tauren Totem
11:39 Tauren Totem
12:17 Orc Burrow
15:16 Orc Burrow
21:45 Great Hall
21:51 Watch Tower
21:57 Watch Tower
wolfman73 (
orange | 15 APM | 387 actions | 25:43)
1 Priestess of the Moon
1 Trueshot Aura
» actions
| Basic commands | 3 | |
| Build / train | 30 | |
| ESC pressed | 1 | |
| Enter build submenu | 12 | |
| Enter hero's abilities submenu | 1 | |
| Right click | 178 | |
| Select / deselect | 144 | |
| Use ability | 18 | |
387 total
» units
» upgrades
| Strength of the Moon | 1 | |
| Moon Armor | 1 | |
| Improved Bows | 1 | |
3 total
» buildings
| Altar of Elders | 1 | |
| Moon Well | 4 | |
| Ancient of War | 2 | |
| Hunter's Hall | 1 | |
| Tree of Ages | 1 | |
| Ancient Protector | 2 | |
11 total
» build order
00:23 Altar of Elders
00:38 Moon Well
01:08 Moon Well
01:42 Ancient of War
01:48 Ancient of War
02:16 Moon Well
03:21 Hunter's Hall
05:00 Tree of Ages
06:37 Moon Well
08:04 Ancient Protector
08:14 Ancient Protector
Rodrigo (
pink | 27 APM | 250 actions | 09:05)
2 Death Knight
1 Death Coil
1 Unholy Aura
» actions
| Build / train | 21 | |
| Enter build submenu | 9 | |
| Enter hero's abilities submenu | 2 | |
| Right click | 89 | |
| Select / deselect | 112 | |
| Use ability | 17 | |
250 total
» units
| Acolyte | 2 | |
| Ghoul | 5 | |
| Crypt Fiend | 5 | |
| Goblin Shredder | 1 | |
13 total
» buildings
| Ziggurat | 4 | |
| Altar of Darkness | 1 | |
| Crypt | 1 | |
| Nerubian Tower | 4 | |
| Graveyard | 1 | |
| Tomb of Relics | 1 | |
| Halls of the Dead | 1 | |
13 total
» build order
00:10 Ziggurat
00:13 Altar of Darkness
00:41 Crypt
00:54 Ziggurat
01:21 Nerubian Tower
01:33 Graveyard
01:49 Nerubian Tower
02:41 Ziggurat
02:56 Tomb of Relics
03:40 Nerubian Tower
04:36 Halls of the Dead
05:47 Ziggurat
07:10 Nerubian Tower
team 2 (loser)
Chowdertailz (
red | 49 APM | 1251 actions | 25:43)
6 Death Knight
3 Death Coil
2 Unholy Aura
1 Animate Dead
» actions
| Assign group hotkey | 54 | |
| Basic commands | 41 | |
| Build / train | 96 | |
| Enter build submenu | 19 | |
| Enter hero's abilities submenu | 6 | |
| Give item / drop item | 1 | |
| Remove unit from queue | 1 | |
| Right click | 363 | |
| Select / deselect | 283 | |
| Select group hotkey | 313 | |
| Use ability | 74 | |
1251 total
» units
| Acolyte | 7 | |
| Ghoul | 6 | |
| Crypt Fiend | 15 | |
| Gargoyle | 19 | |
| Necromancer | 5 | |
| Abomination | 3 | |
55 total
» upgrades
| Creature Attack | 3 | |
| Creature Carapace | 3 | |
| Web | 1 | |
| Burrow | 1 | |
| Necromancer Training | 2 | |
| Disease Cloud | 1 | |
| Destroyer Form | 1 | |
| Skeletal Mastery | 1 | |
| Stone Form | 1 | |
14 total
» buildings
| Ziggurat | 9 | |
| Crypt | 2 | |
| Altar of Darkness | 1 | |
| Graveyard | 1 | |
| Tomb of Relics | 1 | |
| Halls of the Dead | 1 | |
| Black Citadel | 1 | |
| Sacrificial Pit | 1 | |
| Slaughterhouse | 2 | |
| Temple of the Damned | 1 | |
20 total
» build order
00:09 Ziggurat
00:12 Crypt
00:38 Altar of Darkness
01:05 Graveyard
01:46 Ziggurat
02:24 Ziggurat
03:27 Tomb of Relics
06:50 Halls of the Dead
06:53 Ziggurat
08:16 Ziggurat
10:19 Black Citadel
10:20 Sacrificial Pit
10:46 Slaughterhouse
10:49 Slaughterhouse
10:51 Temple of the Damned
11:52 Ziggurat
11:54 Ziggurat
11:56 Ziggurat
16:22 Crypt
17:41 Ziggurat
» items
| Rod of Necromancy | 1 | |
| Dust of Appearance | 1 | |
| Scroll of Town Portal | 3 | |
| Orb of Corruption | 1 | |
6 total
K.K.N.D. (
purple | 70 APM | 1735 actions | 24:51)
5 Archmage
1 Summon Water Elemental
1 Brilliance Aura
3 Blizzard
3 Blood Mage
2 Flame Strike
1 Siphon Mana
» actions
| Assign group hotkey | 36 | |
| Build / train | 85 | |
| Enter build submenu | 27 | |
| Enter hero's abilities submenu | 8 | |
| Remove unit from queue | 4 | |
| Right click | 540 | |
| Select / deselect | 420 | |
| Select group hotkey | 535 | |
| Use ability | 80 | |
1735 total
» units
| Peasant | 17 | |
| Footman | 11 | |
| Knight | 14 | |
| Priest | 3 | |
| Sorceress | 12 | |
57 total
» upgrades
| Defend | 1 | |
| Priest Training | 2 | |
| Lumber Harvesting | 1 | |
| Sorceress Training | 2 | |
| Animal War Training | 1 | |
| Plating | 2 | |
| Swords | 1 | |
10 total
» buildings
| Altar of Kings | 1 | |
| Farm | 14 | |
| Barracks | 2 | |
| Lumber Mill | 1 | |
| Keep | 1 | |
| Arcane Vault | 1 | |
| Arcane Sanctum | 2 | |
| Castle | 1 | |
| Blacksmith | 1 | |
| Town Hall | 1 | |
25 total
» build order
00:07 Altar of Kings
00:07 Farm
00:09 Barracks
01:00 Farm
02:05 Farm
03:14 Lumber Mill
03:25 Farm
03:40 Keep
04:08 Farm
05:08 Arcane Vault
06:19 Arcane Sanctum
06:40 Castle
08:20 Arcane Sanctum
08:23 Blacksmith
08:33 Farm
08:34 Farm
08:35 Farm
08:47 Barracks
11:54 Farm
11:55 Farm
15:06 Town Hall
17:27 Farm
17:28 Farm
17:28 Farm
17:29 Farm
» items
| Rod of Necromancy | 1 | |
| Scroll of Town Portal | 1 | |
2 total
tmchlb (
green | 43 APM | 1057 actions | 24:22)
5 Blademaster
2 Wind Walk
3 Critical Strike
» actions
| Assign group hotkey | 29 | |
| Basic commands | 210 | |
| Build / train | 48 | |
| Enter build submenu | 23 | |
| Enter hero's abilities submenu | 5 | |
| Right click | 215 | |
| Select / deselect | 199 | |
| Select group hotkey | 285 | |
| Use ability | 43 | |
1057 total
» units
| Peon | 6 | |
| Grunt | 19 | |
| Spirit Walker | 6 | |
| Troll Batrider | 4 | |
35 total
» upgrades
» buildings
| Altar of Storms | 1 | |
| Orc Burrow | 7 | |
| Barracks | 1 | |
| Voodoo Lounge | 2 | |
| War Mill | 1 | |
| Watch Tower | 2 | |
| Stronghold | 1 | |
| Spirit Lodge | 1 | |
| Fortress | 1 | |
| Beastiary | 2 | |
| Great Hall | 1 | |
20 total
» build order
00:05 Altar of Storms
00:11 Orc Burrow
00:17 Barracks
02:08 Voodoo Lounge
02:15 Voodoo Lounge
03:16 Orc Burrow
04:21 War Mill
05:16 Orc Burrow
05:39 Watch Tower
06:15 Watch Tower
06:40 Stronghold
10:45 Orc Burrow
11:39 Spirit Lodge
12:58 Orc Burrow
13:46 Fortress
15:56 Beastiary
16:43 Beastiary
20:58 Orc Burrow
21:06 Orc Burrow
22:21 Great Hall
» items
| Healing Salve | 2 | |
| Potion of Healing | 1 | |
3 total
newagain001 (
blue | 42 APM | 764 actions | 18:12)
2 Mountain King
1 Storm Bolt
1 Bash
1 Paladin
1 Holy Light
» actions
| Assign group hotkey | 12 | |
| Basic commands | 13 | |
| Build / train | 58 | |
| Enter build submenu | 32 | |
| Enter hero's abilities submenu | 3 | |
| Give item / drop item | 2 | |
| Remove unit from queue | 1 | |
| Right click | 189 | |
| Select / deselect | 144 | |
| Select group hotkey | 250 | |
| Use ability | 60 | |
764 total
» units
| Peasant | 10 | |
| Footman | 6 | |
| Goblin Shredder | 1 | |
| Gryphon Rider | 1 | |
| Dragonhawk Rider | 1 | |
19 total
» upgrades
| Masonry | 3 | |
| Defend | 1 | |
| Lumber Harvesting | 2 | |
| Cloud | 1 | |
| Storm Hammers | 2 | |
9 total
» buildings
| Lumber Mill | 2 | |
| Scout Tower | 7 | |
| Altar of Kings | 1 | |
| Farm | 10 | |
| Arcane Tower | 2 | |
| Barracks | 2 | |
| Guard Tower | 2 | |
| Keep | 1 | |
| Castle | 1 | |
| Arcane Vault | 1 | |
| Gryphon Aviary | 2 | |
| Town Hall | 1 | |
32 total
» build order
00:33 Lumber Mill
00:51 Scout Tower
00:55 Scout Tower
01:16 Altar of Kings
01:32 Farm
01:38 Arcane Tower
02:28 Scout Tower
02:35 Scout Tower
02:46 Lumber Mill
02:54 Scout Tower
03:00 Scout Tower
03:06 Barracks
03:17 Farm
03:26 Guard Tower
03:53 Farm
04:23 Farm
04:36 Farm
04:52 Barracks
05:10 Farm
05:33 Keep
05:57 Farm
06:19 Farm
07:02 Farm
07:05 Farm
08:09 Castle
08:31 Arcane Vault
09:29 Gryphon Aviary
10:09 Gryphon Aviary
13:55 Guard Tower
14:21 Town Hall
17:35 Scout Tower
17:58 Arcane Tower
» items
| Healing Salve | 2 | |
| Lesser Clarity Potion | 5 | |
| Scroll of Speed | 3 | |
| Scroll of Regeneration | 2 | |
| Potion of Healing | 2 | |
| Potion of Mana | 1 | |
| Scroll of Town Portal | 2 | |
| Orb of Lightning | 1 | |
18 total
Chat log
(00:13 / Allies) K.K.N.D.: rush
(00:17 / Allies) K.K.N.D.: footies to knights
(00:21 / Allies) newagain001: k
(00:24 / Allies) newagain001: rush is fine with me
(00:26 / Allies) Chowdertailz: fiends to whatever
(00:36 / Allies) K.K.N.D.: frosties :)
(00:40 / Allies) tmchlb: walkers tauren
(00:41 / Allies) Chowdertailz: maybe
(00:45 / Allies) Chowdertailz: so boring though
(00:51 / Allies) tmchlb: some one get aa?
(00:56 / Allies) K.K.N.D.: fiends
(01:00 / Allies) tmchlb: k
(01:15 / Allies) tmchlb: cc?
(01:18 / Allies) tmchlb: il harass
(01:21 / Allies) Chowdertailz: no
(01:23 / Allies) Chowdertailz: rush
(01:25 / Allies) tmchlb: k
(03:33 / Allies) K.K.N.D.: reayd?
(03:35 / Allies) tmchlb: yea
(03:35 / Allies) Chowdertailz: no
(03:40 / Allies) Chowdertailz: feeds take forever to get up
(03:44 / Allies) Chowdertailz: let me have at least 3
(04:00 / Allies) Chowdertailz: lead purp
(04:40 / Allies) Chowdertailz: get wand purp
(04:47 / Allies) tmchlb: meet where
(04:49 / Allies) Chowdertailz: once purp get wand
(04:50 / Allies) Chowdertailz: meet top
(05:23 / Allies) Chowdertailz: wand should be up once they get here
(05:36 / Allies) Chowdertailz: blue nice tech
(05:37 / Allies) Chowdertailz: tard
(05:46 / Allies) newagain001: i didnt tech
(05:50 / Allies) newagain001: i just now upgraded
(05:53 / Allies) Chowdertailz: how mnay units you got?
(06:11 / Allies) newagain001: thats cuz i did a diff build
(06:21 / Allies) Chowdertailz: the mass toweres cause you suck build?
(06:25 / Allies) Chowdertailz: lead melee
(06:27 / Allies) Chowdertailz: leave blue
(06:28 / Allies) Chowdertailz: fuck it
(07:05 / Allies) tmchlb: ,ain
(07:07 / Allies) Chowdertailz: focus main
(07:10 / Allies) tmchlb: mian
(07:17 / Allies) Chowdertailz: dk
(07:55 / Allies) K.K.N.D.: well done
(08:27 / Allies) Chowdertailz: next base
(08:36 / Allies) Chowdertailz: after altar
(08:51 / Allies) tmchlb: come
(08:56 / Allies) Chowdertailz: dk
(10:08 / All) Chowdertailz: GG
(11:20 / Allies) Chowdertailz: may as well finish pink
(11:21 / Allies) Chowdertailz: quick
(11:28 / Allies) Chowdertailz: since they're staying for the game i looks
(11:30 / Allies) Chowdertailz: it looks
(12:31 / Allies) Chowdertailz: necs abos stats come
(12:35 / Allies) Chowdertailz: soon
(13:28 / Allies) Chowdertailz: meet and go again?
(13:33 / Allies) tmchlb: yeah
(13:36 / Allies) Chowdertailz: meet south
(13:36 / Allies) tmchlb: all come
(13:47 / Allies) Chowdertailz: careful
(14:09 / Allies) K.K.N.D.: omw
(14:47 / Allies) Chowdertailz: well im b
(14:52 / Allies) Chowdertailz: so stay the fuck back if you're not aa
(15:10 / Allies) Chowdertailz: let blue die
(15:20 / Allies) tmchlb: purp no
(15:20 / Allies) K.K.N.D.: lol
(16:01 / Allies) tmchlb: it gg
(16:04 / Allies) tmchlb: no aa
(16:06 / Allies) K.K.N.D.: really just gonna let him die/
(16:08 / Allies) Chowdertailz: seriously?
(16:10 / Allies) Chowdertailz: make aa
(16:13 / Allies) Chowdertailz: they have 2 bases
(16:17 / Allies) Chowdertailz: not anywhere near gg
(16:20 / Allies) tmchlb: yes
(16:27 / Allies) tmchlb: bulidin them up ur way
(16:45 / Allies) Chowdertailz: im massing gargs
(16:49 / Allies) Chowdertailz: stay b as long as poss though
(16:50 / Allies) K.K.N.D.: good idea
(16:51 / Allies) Chowdertailz: cause i need many
(17:09 / Allies) K.K.N.D.: im gonna polly all the frosts
(17:13 / Allies) Chowdertailz: good idea
(17:16 / Allies) Chowdertailz: melee shit on shaman
(17:16 / Allies) K.K.N.D.: then the gargs will fuck em
(17:30 / Allies) Chowdertailz: stay at back of base as long as poss
(17:33 / Allies) Chowdertailz: gargs still come
(17:46 / Allies) tmchlb: come to red
(17:57 / Allies) Chowdertailz: nba
(17:59 / Allies) Chowdertailz: stay there
(18:00 / Allies) Chowdertailz: i'll tp
(18:04 / Allies) tmchlb: k
(18:19 / Allies) tmchlb: fuck him
(18:20 / Allies) Chowdertailz: wow
(18:23 / Allies) K.K.N.D.: lol
(18:24 / Allies) Chowdertailz: just let them waste their time
(18:25 / Allies) K.K.N.D.: 1k ..
(18:27 / Allies) Chowdertailz: i'll keep massing
(18:45 / Allies) Chowdertailz: be careful
(18:51 / Allies) tmchlb: bats comein
(18:59 / Allies) Chowdertailz: wait until they hit next base
(19:09 / Allies) Chowdertailz: tping
(19:47 / Allies) Chowdertailz: poly
(19:51 / Allies) K.K.N.D.: i did
(19:52 / Allies) K.K.N.D.: fuck
(20:12 / All) chunknorris: red
(20:15 / All) chunknorris: GG
(20:18 / All) chunknorris: ROFL
(20:21 / All) Chowdertailz: fucks sake
(20:24 / Allies) K.K.N.D.: terrible
(20:37 / Allies) Chowdertailz: you just got 1 v3d
(21:23 / Allies) Chowdertailz: when you make bat
(21:27 / Allies) Chowdertailz: you actually have to micro them
(21:30 / Allies) Chowdertailz: you cant auto attack
(21:40 / Allies) tmchlb: no expload
(21:56 / Allies) Chowdertailz: rebuild
(23:17 / Allies) Chowdertailz: omw
(24:12 / Allies) Chowdertailz: why were you focusing hero
(24:16 / Allies) Chowdertailz: are you fuckingn retarded?
(24:23 / Allies) Chowdertailz: serious question
(24:29 / Allies) K.K.N.D.: me@?
(24:33 / Allies) Chowdertailz: yes
(24:36 / Allies) K.K.N.D.: i didnt..
(24:37 / All) chunknorris: almost red
(24:38 / All) chunknorris: lol
(24:42 / All) Chowdertailz: shit game
(24:43 / All) Chowdertailz: shit team
(24:49 / All) Chowdertailz: and you're not even good
(25:03 / All) SATAN-ABOVE: lol
(25:18 / All) SATAN-ABOVE: red u suck